 Dungeon Crawl Stone Soup version 0.31-a0-1-g4198be8af4 (webtiles) character file.

Game seed: 8691322657206766035

168 dolemite99 the Slasher (level 5, -7/41 HPs)
             Began as a Merfolk Fighter on May 1, 2023.
             Killed by nerve-wracking pain
             ... invoked by an orc priest
              (12 damage)
             ... on level 3 of the Dungeon.
             The game lasted 00:03:13 (2422 turns).

dolemite99 the Slasher (Merfolk Fighter)            Turns: 2422, Time: 00:03:14

Health: -7/41      AC:  7    Str: 19    XL:     5   Next: 48%
Magic:  5/5        EV: 14    Int:  7    God:
Gold:   32         SH:  4    Dex: 13    Spells: 4/4 levels left

rFire   . . .        a - +2 long sword
rCold   . . .        c - +0 buckler
rNeg    . . .        b - +0 scale mail
rPois   .            (no helmet)
rElec   .            d - +0 cloak
rCorr   .            (no gloves)
SInv    .            (no boots)
Will    .....        (no amulet) Stlth
                     k - +5 ring of evasion
HPRegen 0.26/turn    (no ring)
MPRegen 0.09/turn

%: no passive effects
@: attractive
A: (nimble swimmer 2), mertail
a: no special abilities


You were on level 3 of the Dungeon.
You visited 1 branch of the dungeon, and saw 3 of its levels.

You collected 109 gold pieces.
You spent 77 gold pieces at shops.

Inventory:

Hand Weapons
 a - a +2 long sword (weapon)
 i - a +0 rapier
Armour
 b - a +0 scale mail (worn)
 c - a +0 buckler (worn)
 d - a +0 cloak (worn)
Jewellery
 k - a +5 ring of evasion (left hand)
Scrolls
 e - a scroll of immolation
 f - 4 scrolls of teleportation
 g - a scroll of identify {@r1}
Potions
 h - a potion of flight
 m - a potion of resistance {unknown}


   Skills:
 - Level 3.2 Fighting
 + Level 6.7 Long Blades
 - Level 2.1 Armour
 - Level 3.0 Shields


You had 4 spell levels left.
You didn't know any spells.
Your spell library contained the following spells:

 Spells                   Type           Power      Damage    Failure   Level
 Dazzling Flash           Conj/Hex       0%         N/A       99%         3
 Volatile Blastmotes      Fire/Tloc      0%         2d10      99%         3
 Iskenderun's Mystic Bla  Conj/Tloc      0%         2d3       100%        4
 Starburst                Conj/Fire      0%         6d3       100%        6


Dungeon Overview and Level Annotations

Branches:
Dungeon (3/15)

Altars:
Qazlal

Shops:
D:1 ?

Annotations:
D:2 exclusion: downstairs


Innate Abilities, Weirdness & Mutations

((You are very nimble when in or above water. (Stealth+, EV+, Speed+++)))
Your lower body shifts to a powerful aquatic tail in water.


Message History

You feel much better.
The iguana hisses menacingly.
The iguana barely misses you. The orc priest is attracted toward you.
The orc is attracted toward you. The iguana attacks as you move away!
The iguana barely misses you. The orc is attracted toward you.
The orc priest is attracted toward you.
You barely miss the iguana. You block the iguana's attack.
You slash the iguana!
The iguana is heavily wounded.
The iguana closely misses you.
You hit the iguana.
The iguana is almost dead.
The iguana bites you. The iguana barely misses you.
You barely miss the iguana.
The iguana is almost dead.
The iguana misses you.
You hit the iguana.
You kill the iguana!
You hit the orc priest but do no damage.
You slash the orc priest!
The orc priest is heavily wounded.
You block the orc priest's attack. The orc misses you.
You hit the orc priest.
The orc priest is almost dead.
The orc priest mumbles some strange prayers to Beogh against you.
Beogh smites you! The orc hits you with a +0 hand axe.
You completely miss the orc priest.
The orc priest is almost dead.
The orc priest closely misses you. The orc hits you with a +0 hand axe.
You hit the orc priest but do no damage.
The orc priest is almost dead.
The orc priest invokes the aid of Beogh against you.
Pain shoots through your body!
* * * LOW HITPOINT WARNING * * *
The orc closely misses you.
You hit the orc priest but do no damage.
The orc priest is almost dead.
The orc priest invokes the aid of Beogh against you.
Pain shoots through your body!
You die...

#.. ..# ... #.## ....
.. ...##..### ...$ w.
.......(.#
#...#.##..#......# .
#... .... ......#
..#...##..# ###.#..##
#..(......###woo....#
#......#§).#@....#
#..)...#§###.....##
.##.....§§.# #......#
S........)### #).....#
........).# ##......##
......((†.# #..#.##..#
.....(......##..#...#.#
.....(.(.#......#...#.#
.#.#(.(....(........#.#


You could see a worm, an orc priest and an orc.

Vanquished Creatures
  A hound (D:2)
  Crazy Yiuf (D:2)
  An iguana (D:3)
  3 adders
  6 orcs (D:3)
  3 ball pythons
  4 bats
  4 endoplasms
  5 goblins
  6 hobgoblins
  9 jackals
  A quokka (D:3)
  2 frilled lizards (D:1)
  A kobold (D:1)
  3 rats
50 creatures vanquished.

Vanquished Creatures (others)
  18 plants (D:1)
18 creatures vanquished.

Grand Total: 68 creatures vanquished

Notes
Turn   | Place    | Note
-------+----------+-------------------------------------------
     0 | D:1      | dolemite99 the Merfolk Fighter began the quest for the Orb.
     0 | D:1      | Reached XP level 1. HP: 18/18 MP: 1/1
    19 | D:1      | Found Fasylecia's Magic Scroll Shoppe.
    35 | D:1      | Reached skill level 3 in Long Blades
   211 | D:1      | Reached XP level 2. HP: 23/24 MP: 2/2
   571 | D:1      | Bought a scroll of identify for 22 gold pieces
   571 | D:1      | Bought a scroll of identify for 22 gold pieces
   667 | D:1      | Reached skill level 4 in Long Blades
   676 | D:1      | Reached XP level 3. HP: 20/29 MP: 3/3
  1148 | D:2      | Reached skill level 5 in Long Blades
  1148 | D:2      | Reached XP level 4. HP: 35/35 MP: 4/4
  1639 | D:2      | Found a runed translucent door.
  1640 | D:2      | Noticed Crazy Yiuf
  1784 | D:2      | Killed Crazy Yiuf
  1785 | D:2      | Reached skill level 6 in Long Blades
  2089 | D:1      | Bought a scroll of teleportation for 33 gold pieces
  2158 | D:3      | Noticed a sky beast
  2158 | D:3      | Found a stormy altar of Qazlal.
  2238 | D:3      | Reached XP level 5. HP: 41/41 MP: 5/5
  2422 | D:3      | Killed from afar by an orc priest

Illustrated notes

Levels and vault maps discovered:
D:1:      roderic_crop_circles_arrival_small, layout_loops_ring, serial_shops,
          shop
D:2:      cheibrodos_old_hovel, layout_basic, uniq_crazy_yiuf_cottage
D:3:      layout_rooms, nicolae_qazlal_beasts_of_the_sky, serial_shops,
          nicolae_shop_window_shopping

Skill      XL: |  1  2  3  4 |
---------------+-------------+-----
Long Blades    | 3 4 5 6 |  6.7
Fighting       | |  3.2
Armour         | |  2.1
Shields        | |  3.0

Action                     |  1- 3 |  4- 6 || total
---------------------------+-------+-------++-------
  Melee: Long sword        |   105 |    61 ||   166
  Throw: Dart              |    21 |    39 ||    60
    Use: Scroll            |     6 |     1 ||     7
         Potion            |       |     3 ||     3
 Armour: Scale mail        |    51 |    12 ||    63
  Dodge: Dodged            |    34 |    36 ||    70
  Block: Buckler           |    16 |    11 ||    27

Table legend: (Time is in decaauts)
 A = Elapsed time spent in this place.
 B = Non-inter-level travel time spent in this place.
 C = Inter-level travel time spent in this place.
 D = Time resting spent in this place.
 E = Time spent auto-exploring this place.
 F = Levels seen in this place.
 G = Mean time per level.
                   A        B        C        D        E       F      G
               +--------+--------+--------+--------+--------+-----+--------+
         Total |   2462 |   2160 |    302 |    498 |   1042 |   3 |  820.7 |
       Dungeon |   2462 |   2160 |    302 |    498 |   1042 |   3 |  820.7 |
               +--------+--------+--------+--------+--------+-----+--------+

Top non-repeatable levels by time:
     D:2: 1214 daAuts
     D:1: 1031 daAuts
     D:3: 216 daAuts
